 Dungeon Crawl Stone Soup version 0.29-a0-350-g7790a0e70a (webtiles) character file.

Game seed: 6864620933331308673

91 spaghetti the Vexing (level 4, -4/32 (34) HPs)
             Began as a Gnoll Arcane Marksman on Apr 22, 2022.
             Was a Believer of Elyvilon.
             Slain by Crazy Yiuf
             ... wielding a +3 quarterstaff of chaos
              (13 damage)
             ... on level 2 of the Dungeon.
             The game lasted 00:05:21 (2143 turns).

spaghetti the Vexing (Gnoll Arcane Marksman)        Turns: 2143, Time: 00:05:22

HP:   -4/32 (34)    AC:  4    Str:  6 (9)  XL:     4   Next: 59%
MP:   0/8           EV: 13    Int: 11 (13) God:    Elyvilon [**....]
Gold: 54            SH:  0    Dex: 12 (14) Spells: 2/9 levels left

rFire   . . .      SeeInvis .   a - +2 shortbow {bow}
rCold   . . .      Faith    .   (shield currently unavailable)
rNeg    . . .      Spirit   .   b - +0 robe
rPois   .          Reflect  .   k - +2 hat
rElec   .          Harm     .   (no cloak)
rCorr   .          Rampage  .   (no gloves)
Will    .....                   (no boots)
Stlth   ++........              i - amulet of regeneration {@e2}
HPRegen 0.90/turn               (no ring)
MPRegen 0.11/turn               (no ring)

@: drained
A: fangs 1, strong nose, distributed training
a: Renounce Religion, Purification, Heal Other


You were on level 2 of the Dungeon.
You worshipped Elyvilon.
Elyvilon was pleased with you.
You visited 1 branch of the dungeon, and saw 2 of its levels.

You collected 54 gold pieces.


Innate Abilities, Weirdness & Mutations

You have very sharp teeth.
Your uncanny sense of smell can sniff out nearby items.
Your experience applies equally to all skills.


   Skills:
 + Level 2.8 Fighting
 + Level 1.2 Short Blades
 + Level 1.2 Long Blades
 + Level 1.2 Axes
 + Level 1.2 Maces & Flails
 + Level 1.2 Polearms
 + Level 1.2 Staves
 + Level 1.2 Slings
 + Level 4.6 Bows
 + Level 1.2 Crossbows
 + Level 1.2 Throwing
 + Level 1.2 Armour
 + Level 4.6 Dodging
 + Level 1.2 Stealth
 + Level 1.2 Shields
 + Level 1.2 Unarmed Combat
 + Level 3.0 Spellcasting
 + Level 1.0 Conjurations
 + Level 5.5 Hexes
 + Level 1.0 Summonings
 + Level 1.0 Necromancy
 + Level 1.0 Translocations
 + Level 1.0 Transmutations
 + Level 1.0 Fire Magic
 + Level 1.0 Ice Magic
 + Level 1.0 Air Magic
 + Level 1.0 Earth Magic
 + Level 1.0 Poison Magic
 + Level 1.3 Invocations
 + Level 1.2 Evocations


You had 2 spell levels left.
You knew the following spells:

 Your Spells              Type           Power      Damage    Failure   Level
a - Slow                  Hex            52%        N/A       2%          1
b - Inner Flame           Hex/Fire       8%         N/A       21%         3
c - Portal Projectile     Hex/Tloc       16%        N/A       21%         3

Your spell library contained the following spells:

 Spells                   Type           Power      Damage    Failure   Level
 Ensorcelled Hibernation  Hex/Ice        16%        N/A       11%         2
 Cause Fear               Hex            6%         N/A       26%         4
 Spider Form              Tmut/Pois      3%         N/A       45%         3
 Anguish                  Hex/Necr       4%         N/A       56%         4

Inventory:

Hand Weapons
 a - a +2 shortbow (weapon) {bow}
Missiles
 d - 78 stones {throwing}
 j - 4 poisoned darts {throwing}
Armour
 b - a +0 robe (worn)
 k - a +2 hat (worn)
   (You found it on level 2 of the Dungeon)
Jewellery
 i - an amulet of regeneration (around neck) {@e2}
   (You found it on level 1 of the Dungeon)
Wands
 e - a wand of polymorph (2)
   (You took it off Robin on level 2 of the Dungeon)
Scrolls
 c - a scroll of vulnerability {!r!r}

Dungeon Overview and Level Annotations

Branches:
Dungeon (2/15)

Altars:
Elyvilon

Shops:
D:1 (

Annotations:
D:2 Crazy Yiuf

#.###..........##
#..# #.* #.######..##
#..# #,* #.# #..#
#... #.###.#### #..#
##.# #........# #..##
#.# #####.##.###...##
#.# #.##.##.....####
#.# #.##.###...#...#
#.#
#..g@..........####.#
#########.##........#
#.########### #.# #.#
#.# #.##########
##########
#..........#
#........#
#..#######.##


You could see Crazy Yiuf (slow).


Message History

Aim: Crazy Yiuf, wielding a +3 quarterstaff of chaos and wearing a +0 cloak (lightly wounded, 66% to hit)
You shoot an arrow. The arrow barely misses Crazy Yiuf.
Shoot: a) +2 shortbow {bow}
Press: ? - help, Q - select action, (/) - cycle Shift-Dir - straight line, f/p - Crazy Yiuf
Aim: Crazy Yiuf, wielding a +3 quarterstaff of chaos and wearing a +0 cloak (lightly wounded, 66% to hit)
You shoot an arrow. The arrow hits Crazy Yiuf.
Casting: Slow (safe; 2% risk of failure)
Confirm with . or Enter, or press ? or * to list all spells.
Aiming: Slow (safe; 2% risk of failure)
Press: ? - help, Shift-Dir - straight line, f/p - Crazy Yiuf
Aim: Crazy Yiuf, wielding a +3 quarterstaff of chaos and wearing a +0 cloak (moderately wounded, chance to affect: 61%) Crazy Yiuf seems to slow down. 😎 MP[-1]
You lost 1 mp, and now have 7/8 mp.
Crazy Yiuf says, "Lay return to song illywillydillykilly!"
Crazy Yiuf screams, "Spliff tortoise sizzlefizz!" 😎 MP[+1]
Your mp is fully restored (8).
Shoot: a) +2 shortbow {bow}
Press: ? - help, Q - select action, (/) - cycle Shift-Dir - straight line, f/p - Crazy Yiuf
Aim: Crazy Yiuf, wielding a +3 quarterstaff of chaos and wearing a +0 cloak (moderately wounded, slow, 66% to hit)
You shoot an arrow. The arrow barely misses Crazy Yiuf.
Shoot: a) +2 shortbow {bow}
Press: ? - help, Q - select action, (/) - cycle Shift-Dir - straight line, f/p - Crazy Yiuf
Aim: Crazy Yiuf, wielding a +3 quarterstaff of chaos and wearing a +0 cloak (moderately wounded, slow, 66% to hit)
You shoot an arrow. The arrow barely misses Crazy Yiuf.
Shoot: a) +2 shortbow {bow}
Press: ? - help, Q - select action, (/) - cycle Shift-Dir - straight line, f/p - Crazy Yiuf
Aim: Crazy Yiuf, wielding a +3 quarterstaff of chaos and wearing a +0 cloak (moderately wounded, slow, 66% to hit)
You shoot an arrow. The arrow barely misses Crazy Yiuf.
Shoot: a) +2 shortbow {bow}
Press: ? - help, Q - select action, (/) - cycle Shift-Dir - straight line, f/p - Crazy Yiuf
Aim: Crazy Yiuf, wielding a +3 quarterstaff of chaos and wearing a +0 cloak (moderately wounded, slow, 66% to hit)
You shoot an arrow. The arrow hits Crazy Yiuf.
Crazy Yiuf is no longer moving slowly.
Crazy Yiuf attacks as you move away!
Crazy Yiuf hits you with a +3 quarterstaff of chaos!
You feel drained.
Crazy Yiuf screams, "Rifle toodlewoodle stair!" 😮 HP[-15]
You now have 32 max hp (-2).
You take 15 damage, and now have 19/32 hp.
MASSIVE DAMAGE!! (PAUSE)
Casting: Slow (safe; 2% risk of failure)
Confirm with . or Enter, or press ? or * to list all spells.
Aiming: Slow (safe; 2% risk of failure)
Press: ? - help, Shift-Dir - straight line, f/p - Crazy Yiuf
Aim: Crazy Yiuf, wielding a +3 quarterstaff of chaos and wearing a +0 cloak (moderately wounded, chance to affect: 61%) Crazy Yiuf seems to slow down. 😮 HP[+1] MP[-1]
You lost 1 mp, and now have 7/8 mp.
You are now empty-handed.
Crazy Yiuf laughs, "Snurf disdain high!"
Crazy Yiuf misses you. 😮 HP[+1]
a - a +2 shortbow (weapon)
{bow} Shoot: a) +2 shortbow {bow}
Press: ? - help, Q - select action, (/) - cycle Shift-Dir - straight line, f/p - Crazy Yiuf
Aim: Crazy Yiuf, wielding a +3 quarterstaff of chaos and wearing a +0 cloak (moderately wounded, slow, 66% to hit)
You shoot an arrow. The arrow hits Crazy Yiuf.
Crazy Yiuf hits you with a +3 quarterstaff of chaos. 😮 HP[-3]
You take 3 damage, and now have 18/32 hp.
Shoot: a) +2 shortbow {bow}
Press: ? - help, Q - select action, (/) - cycle Shift-Dir - straight line, f/p - Crazy Yiuf
Aim: Crazy Yiuf, wielding a +3 quarterstaff of chaos and wearing a +0 cloak (heavily wounded, slow, 66% to hit)
You shoot an arrow. The arrow hits Crazy Yiuf.
Crazy Yiuf hits you with a +3 quarterstaff of chaos!
* * * LOW HITPOINT WARNING * * *
Crazy Yiuf burns you.
* * * LOW HITPOINT WARNING * * *
😨 HP[-8]
You take 8 damage, and now have 10/32 hp.
MASSIVE DAMAGE!! (PAUSE) Shoot: a) +2 shortbow {bow}
Press: ? - help, Q - select action, (/) - cycle Shift-Dir - straight line, f/p - Crazy Yiuf
Aim: Crazy Yiuf, wielding a +3 quarterstaff of chaos and wearing a +0 cloak (severely wounded, slow, 66% to hit)
You shoot an arrow. The arrow hits Crazy Yiuf.
Crazy Yiuf hits you with a +3 quarterstaff of chaos!
Elyvilon protects you from harm!
You feel your power leaking away. 😨 HP[+2] MP[-7]
You regained 2 hp, and now have 12/32 hp.
You lost 7 mp, and now have 0/8 mp.
Shoot: a) +2 shortbow {bow}
Press: ? - help, Q - select action, (/) - cycle Shift-Dir - straight line, f/p - Crazy Yiuf
Aim: Crazy Yiuf, wielding a +3 quarterstaff of chaos and wearing a +0 cloak (severely wounded, slow, 66% to hit)
You shoot an arrow. The arrow hits Crazy Yiuf.
Crazy Yiuf hits you with a +3 quarterstaff of chaos.
* * * LOW HITPOINT WARNING * * *
😱 HP[-4]
You take 4 damage, and now have 8/32 hp.
Shoot: a) +2 shortbow {bow}
Press: ? - help, Q - select action, (/) - cycle Shift-Dir - straight line, f/p - Crazy Yiuf
Aim: Crazy Yiuf, wielding a +3 quarterstaff of chaos and wearing a +0 cloak (severely wounded, slow, 66% to hit)
You shoot an arrow.
The arrow hits Crazy Yiuf but does no damage.
Crazy Yiuf cries, "Castle!"
Crazy Yiuf hits you with a +3 quarterstaff of chaos!
You die...

Skill      XL: |  1  2  3  4 |
---------------+-------------+-----
Invocations    | 1 |  1.3
Short Blades   | 1 |  1.2
Long Blades    | 1 |  1.2
Axes           | 1 |  1.2
Maces & Flails | 1 |  1.2
Polearms       | 1 |  1.2
Staves         | 1 |  1.2
Slings         | 1 |  1.2
Crossbows      | 1 |  1.2
Throwing       | 1 |  1.2
Armour         | 1 |  1.2
Stealth        | 1 |  1.2
Shields        | 1 |  1.2
Unarmed Combat | 1 |  1.2
Evocations     | 1 |  1.2
Spellcasting   | 3 |  3.0
Conjurations   | 1 |  1.0
Summonings     | 1 |  1.0
Necromancy     | 1 |  1.0
Translocations | 1 |  1.0
Transmutations | 1 |  1.0
Fire Magic     | 1 |  1.0
Ice Magic      | 1 |  1.0
Air Magic      | 1 |  1.0
Earth Magic    | 1 |  1.0
Poison Magic   | 1 |  1.0
Fighting       | |  2.8
Bows           | |  4.6
Dodging        | |  4.6
Hexes          | |  5.5

Action                   |  1- 3 |  4- 6 || total
-------------------------+-------+-------++-------
Melee: Unarmed           |       |    38 ||    38
       Shortbow          |       |     7 ||     7
       Bite              |       |     1 ||     1
 Fire: Shortbow          |   108 |    30 ||   138
Throw: Dart              |     5 |       ||     5
 Cast: Slow              |     1 |     5 ||     6
  Use: Potion            |     3 |     1 ||     4
       Scroll            |     1 |     3 ||     4
Armor: Robe              |     7 |    12 ||    19
       Skin              |       |     2 ||     2
Dodge: Dodged            |    46 |    49 ||    95

Levels and vault maps discovered:
D:1:      minmay_arrival_jagged, layout_basic, serial_shops,
          nicolae_lakefront_shop, ebering_ecumenical_altar_webs,
          minmay_tetromino_s2
D:2:      layout_loops_corners, uniq_crazy_yiuf_cottage, uniq_terence,
          uniq_robin

Notes
Turn   | Place    | Note
-------+----------+-------------------------------------------
     0 | D:1      | spaghetti the Gnoll Arcane Marksman began the quest for the
                  | Orb.
     0 | D:1      | Reached XP level 1. HP: 17/17 MP: 4/4
     0 | D:1      | magus.rc [v1.9.6]
   196 | D:1      | Reached XP level 2. HP: 21/23 MP: 5/5
   240 | D:1      | Found a faded altar of an unknown god.
   253 | D:1      | Prayed at the altar of an unknown god.
   253 | D:1      | Became a worshipper of Elyvilon the Healer
   253 | D:1      | Reached * piety under Elyvilon
   449 | D:1      | Reached XP level 3. HP: 28/28 MP: 7/7
   865 | D:1      | Found Bosk's Antique Weapon Boutique.
  1144 | D:2      | Reached skill level 1 in Invocations
  1206 | D:2      | Noticed Terence
  1235 | D:2      | Killed Terence
  1236 | D:2      | Reached skill level 1 in Short Blades
  1236 | D:2      | Reached skill level 1 in Long Blades
  1236 | D:2      | Reached skill level 1 in Axes
  1236 | D:2      | Reached skill level 1 in Maces & Flails
  1236 | D:2      | Reached skill level 1 in Polearms
  1236 | D:2      | Reached skill level 1 in Staves
  1236 | D:2      | Reached skill level 1 in Slings
  1236 | D:2      | Reached skill level 1 in Crossbows
  1236 | D:2      | Reached skill level 1 in Throwing
  1236 | D:2      | Reached skill level 1 in Armour
  1236 | D:2      | Reached skill level 1 in Stealth
  1236 | D:2      | Reached skill level 1 in Shields
  1236 | D:2      | Reached skill level 1 in Unarmed Combat
  1236 | D:2      | Reached skill level 1 in Evocations
  1236 | D:2      | Reached XP level 4. HP: 20/34 MP: 8/8
  1435 | D:2      | Noticed Robin
  1471 | D:2      | Killed Robin
  1472 | D:2      | Reached skill level 3 in Spellcasting
  1499 | D:2      | Reached skill level 1 in Conjurations
  1499 | D:2      | Reached skill level 1 in Summonings
  1499 | D:2      | Reached skill level 1 in Necromancy
  1499 | D:2      | Reached skill level 1 in Translocations
  1499 | D:2      | Reached skill level 1 in Transmutations
  1499 | D:2      | Reached skill level 1 in Fire Magic
  1499 | D:2      | Reached skill level 1 in Ice Magic
  1499 | D:2      | Reached skill level 1 in Air Magic
  1499 | D:2      | Reached skill level 1 in Earth Magic
  1499 | D:2      | Reached skill level 1 in Poison Magic
  1523 | D:2      | Learned a level 3 spell: Inner Flame
  1527 | D:2      | Learned a level 3 spell: Portal Projectile
  1556 | D:2      | Reached ** piety under Elyvilon
  1756 | D:2      | You pick up a book of Dreams and begin reading...
  1756 | D:2      | You add the spells Ensorcelled Hibernation, Spider Form and
                  | Anguish to your library.
  1983 | D:2      | Found a runed translucent door.
  1984 | D:2      | Noticed Crazy Yiuf
  2141 | D:2      | Elyvilon protects you from harm!
  2142 | D:2      | HP: 8/32 [Crazy Yiuf/+3 quarterstaff of chaos (5)]
  2143 | D:2      | Slain by Crazy Yiuf

Vanquished Creatures
  Terence (D:2)
  Robin (D:2)
  A gnoll (D:1)
  2 endoplasms (D:1)
  2 giant cockroaches
  11 goblins
  9 hobgoblins
  2 quokkas (D:1)
  3 bats
  3 frilled lizards (D:1)
  8 rats
43 creatures vanquished.

Table legend:
 A = Non-vault XP
 B = Vault XP
 C = Vault XP percentage of total XP
 D = Non-vault monster count
 E = Vault monster count
 F = Vault count percentage of total count
                 A         B        C        D         E       F
            +---------+---------+-------+---------+---------+-------
      Total |      56 |      75 |  57.3 |      29 |      14 |  32.6
            +---------+---------+-------+---------+---------+-------
        D:1 |      48 |       4 |   7.7 |      23 |       2 |   8.0
        D:2 |       8 |      71 |  89.9 |       6 |      12 |  66.7
            +---------+---------+-------+---------+---------+-------

Illustrated notes

Table legend:
 A = Kills in this place as a percentage of kills in entire the game.
 B = Kills by you in this place as a percentage of kills by you in the entire game.
 C = Kills by friends in this place as a percentage of kills by friends in the entire game.
 D = Other kills in this place as a percentage of other kills in the entire game.
 E = Experience gained in this place as a percentage of experience gained in the entire game.
 F = Experience gained in this place divided by the number of levels of this place that you have seen.
                   A       B       C       D       E      F
               +-------+-------+-------+-------+-------+----------------------
         Total | 100.0 | 100.0 |   N/A |   N/A | 100.0 |  65.5
       Dungeon | 100.0 | 100.0 |   N/A |   N/A | 100.0 |  65.5
               +-------+-------+-------+-------+-------+----------------------

Table legend: (Time is in decaauts)
 A = Elapsed time spent in this place.
 B = Non-inter-level travel time spent in this place.
 C = Inter-level travel time spent in this place.
 D = Time resting spent in this place.
 E = Time spent auto-exploring this place.
 F = Levels seen in this place.
 G = Mean time per level.
                   A        B        C        D        E       F      G
               +--------+--------+--------+--------+--------+-----+--------+
         Total |   2177 |   2111 |     66 |      2 |   1710 |   2 | 1088.5 |
       Dungeon |   2177 |   2111 |     66 |      2 |   1710 |   2 | 1088.5 |
               +--------+--------+--------+--------+--------+-----+--------+

Top non-repeatable levels by time:
     D:1: 1168 daAuts
     D:2: 1009 daAuts
